 Dungeon Crawl Stone Soup version 0.30-a0-358-g0d69a1922f (webtiles) character file.

Game seed: 9439096808066099920

1134 Querens the Thaumaturge (level 8, -1/41 HPs)
             Began as a Deep Elf Conjurer on Nov 9, 2022.
             Slain by Edmund
             ... wielding a +1 dire flail of venom
              (10 damage)
             ... on level 5 of the Dungeon.
             The game lasted 00:14:58 (3457 turns).

Querens the Thaumaturge (Deep Elf Conjurer)         Turns: 3457, Time: 00:14:58

Health: -1/41      AC:  4    Str:  4    XL:     8   Next: 14%
Magic:  3/23       EV: 11    Int: 26    God:
Gold:   312        SH:  0    Dex: 16    Spells: 14/25 levels left

rFire   . . .      SeeInvis .    y - +3 dagger (venom)
rCold   + . .      Faith    .    (no shield)
rNeg    . . .      Spirit   .    j - +0 leather armour "Zischad" {rC+ Will+ Dex+3}
rPois   .          Reflect  .    (no helmet)
rElec   .          Harm     .    (no cloak)
rCorr   .          Rampage  .    (no gloves)
Will    +....                    k - +0 pair of boots
Stlth   ++........               (no amulet)
HPRegen 0.26/turn                (no ring)
MPRegen 0.18/turn                (no ring)

@: no status effects
A: no striking features
a: no special abilities


You were on level 5 of the Dungeon.
You visited 1 branch of the dungeon, and saw 5 of its levels.
You also visited: Sewer.

You collected 312 gold pieces.

Inventory:

Hand Weapons
 y - a +3 dagger of venom (weapon)
Missiles
 p - 5 curare-tipped darts
Armour
 a - a +0 robe
 j - the +0 leather armour "Zischad" (worn) {rC+ Will+ Dex+3}
   (You found it on level 3 of the Dungeon)

   Dex:       It affects your dexterity (+3).
   rC:        It protects you from cold.
   Will:      It increases your willpower.
 k - a +0 pair of boots (worn)
 v - a +0 ring mail of poison resistance
Magical Staves
 B - a staff of earth
Scrolls
 b - a scroll of noise
 d - 2 scrolls of poison {unknown}
 e - a scroll of brand weapon {unknown}
 f - a scroll of teleportation {unknown}
 l - 2 scrolls of torment {unknown}
 m - 3 scrolls of identify
 n - a scroll of blinking {unknown}
 o - 2 scrolls of enchant armour {unknown}
 s - 2 scrolls of fear {unknown}
 t - 3 scrolls of enchant weapon
 C - a scroll of immolation {unknown}
 E - 3 scrolls of magic mapping {unknown}
 F - a scroll of butterflies {unknown}
Potions
 c - a potion of cancellation {unknown}
 g - 2 potions of brilliance {unknown}
 h - 3 potions of attraction
 q - a potion of haste {unknown}
 r - a potion of might {unknown}
 u - a potion of resistance {unknown}
 w - 2 potions of heal wounds {unknown}
 x - 2 potions of invisibility {unknown}
 z - a potion of ambrosia {unknown}
 A - a potion of mutation {unknown}
 D - a potion of degeneration {unknown}


   Skills:
 - Level 2.4 Dodging
 - Level 2.4 Stealth
 + Level 9.0 Spellcasting
 + Level 8.4 Conjurations
 + Level 3.0 Translocations


You had 14 spell levels left.
You knew the following spells:

 Your Spells              Type           Power      Damage    Failure   Level
a - Magic Dart            Conj           100%       1d8       1%          1
b - Searing Ray           Conj           100%       2d8       1%          2
c - Iskenderun's Mystic   Conj/Tloc      41%        2d9       9%          4
d - Fulminant Prism       Conj/Hex       16%        3d11      16%         4

Your spell library contained the following spells:

 Spells                   Type           Power      Damage    Failure   Level
 Momentum Strike          Conj/Tloc      82%        3d10      1%          2
 Blink                    Tloc           54%        N/A       4%          2
 Dazzling Flash           Conj/Hex       66%        N/A       4%          3
 Lesser Beckoning         Tloc           54%        N/A       8%          3


Dungeon Overview and Level Annotations

Branches:
Dungeon (5/15)              Sewer (visited)
 Temple: D:4-7

Altars:
Cheibriados
Yredelemnul
Zin

Annotations:
D:5 Edmund


Message History

Edmund misses you.
The searing ray misses Edmund.
You finish channelling your searing ray.
Edmund misses you.
Casting: Searing Ray (safe; 1% risk of failure)
Confirm with . or Enter, or press ? or * to list all spells.
The spell is quite dangerous to miscast (9% risk of failure)!
Continue anyway?
You erupt in a blast of force!
The mystic blast hits Edmund!
Edmund is heavily wounded.
Edmund hits you with a +1 dire flail of venom.
You are poisoned.
Unknown command.
Unknown command.
You feel very sick.
You feel sick. Edmund attacks as you move away!
Edmund hits you with a +1 dire flail of venom!
You are lethally poisoned!
You feel extremely sick.
Okay, then.
You feel better.
Edmund hits you with a +1 dire flail of venom!
* * * LOW HITPOINT WARNING * * *
You are lethally poisoned!
You feel better. Edmund barely misses you.
Okay, then.
Okay, then.
As you read the scroll labelled OREZEM OTADYSH, it crumbles to dust.
It is a scroll of identify.
h - 3 potions of attraction Edmund barely misses you.
As you read the scroll labelled CON JOINLUVUGG, it crumbles to dust.
It is a scroll of enchant weapon.
Your +2 dagger of venom glows red for a moment.
Edmund hits you with a +1 dire flail of venom!
* * * LOW HITPOINT WARNING * * *
As you read the scroll labelled CAGHUA UVVESU, it crumbles to dust.
You hear a loud clanging noise!
It was a scroll of noise.
Edmund hits you with a +1 dire flail of venom!
You die...

#.# #.#....# ## #.#
#.#...## ♣.♣. #.#
#.#...# ♣.P. #.#
#.#...# #.#
#.#...##.#♣§
#.####.#.......P♣
#......#..###♣P..♣
###########......♣
.♣
#.........@@†...♣.♣
♣.
#.###########.###
♣.♣ .# ♣.♣. #######
.# ♣ ♣. #.....# .#
♣♣. #.....# .## ♣
♣.♣ #.....#####...
♣♣P♣♣. #.......
..... #.....
#.....# ...
##.........


You could see Edmund.

Vanquished Creatures
  An ogre (D:5)
  5 kobold brigands (Sewer)
  A phantom (D:5)
  2 scorpions (D:5)
  2 necrophages (D:5)
  An iguana (D:5)
  Natasha (thrice) (D:3)
  9 adders
  2 gnolls (D:5)
  4 river rats
  A white imp (D:5)
  6 worms
  2 dart slugs
  5 orcs (D:3)
  10 ball pythons
  15 endoplasms
  6 giant cockroaches
  6 goblins
  10 hobgoblins
  13 jackals
  14 kobolds
  7 quokkas
  6 bats
  3 frilled lizards
  12 rats
146 creatures vanquished.

Vanquished Creatures (others)
  51 plants (D:5)
51 creatures vanquished.

Grand Total: 197 creatures vanquished

Notes
Turn   | Place    | Note
-------+----------+-------------------------------------------
     0 | D:1      | Querens the Deep Elf Conjurer began the quest for the Orb.
     0 | D:1      | Reached XP level 1. HP: 10/10 MP: 6/6
    87 | D:1      | Reached XP level 2. HP: 9/15 MP: 0/8
   315 | D:1      | Learned a level 2 spell: Searing Ray
   406 | D:1      | Reached skill level 4 in Spellcasting
   545 | D:2      | Reached skill level 5 in Conjurations
   545 | D:2      | Reached XP level 3. HP: 19/19 MP: 7/10
   757 | D:2      | You fall into a shaft and drop 2 floors!
   835 | D:3      | Identified the +0 leather armour "Zischad" {rC+ Will+
                  | Dex+3}
   877 | D:3      | Noticed Natasha
   882 | D:3      | Killed Natasha
   906 | D:3      | Reached XP level 4. HP: 19/24 MP: 7/12
  1196 | D:3      | Reached skill level 5 in Spellcasting
  1202 | D:3      | Found a glowing drain.
  1206 | Sewer    | Entered a sewer
  1223 | Sewer    | Noticed a kobold brigand
  1237 | Sewer    | Killed a kobold brigand
  1238 | Sewer    | Reached XP level 5. HP: 19/28 MP: 1/15
  1315 | Sewer    | Reached skill level 6 in Spellcasting
  1397 | Sewer    | Reached XP level 6. HP: 32/32 MP: 11/17
  1606 | Sewer    | Reached skill level 7 in Spellcasting
  1791 | D:2      | Reached XP level 7. HP: 36/36 MP: 16/19
  2157 | D:3      | Noticed Natasha
  2168 | D:3      | Killed Natasha
  2235 | D:3      | Noticed Natasha
  2239 | D:3      | Killed Natasha
  2376 | D:4      | Found a snail-covered altar of Cheibriados.
  2875 | D:5      | Entered Level 5 of the Dungeon
  2897 | D:5      | Found a glowing silver altar of Zin.
  2989 | D:5      | Reached skill level 8 in Spellcasting
  3039 | D:5      | Learned a level 4 spell: Iskenderun's Mystic Blast
  3044 | D:5      | Learned a level 4 spell: Fulminant Prism
  3163 | D:5      | Found a basalt altar of Yredelemnul.
  3225 | D:5      | Reached skill level 1 in Translocations
  3367 | D:5      | Reached XP level 8. HP: 41/41 MP: 8/22
  3438 | D:5      | Reached skill level 9 in Spellcasting
  3441 | D:5      | Noticed Edmund
  3457 | D:5      | Slain by Edmund

Illustrated notes

Levels and vault maps discovered:
D:1:      ncdulo_wetmaze, layout_basic, minmay_tetromino_i2
D:2:      layout_basic, minmay_divided_ellipse
D:3:      layout_loops_ring, gup_sewer_entry_spiral, uniq_natasha
D:4:      layout_loops_ring, kennysheep_mini, kennysheep_generic_room_3
D:5:      wad_woods_stonehenge, layout_basic, zin_academy, uniq_edmund

Skill      XL: |  1  2  3  4  5  6  7  8 |
---------------+-------------------------+-----
Spellcasting   | 4 5 6 7 8 9 |  9.0
Conjurations   | 5 6 7 8 |  8.4
Translocations | 2 3 |  3.0
Dodging        | |  2.4
Stealth        | |  2.4

Action                   |  1- 3 |  4- 6 |  7- 9 || total
-------------------------+-------+-------+-------++-------
Melee: Unarmed           |     7 |       |       ||     7
       Dagger            |     7 |    40 |    27 ||    74
Throw: Dart              |       |     1 |       ||     1
 Cast: Magic Dart        |    56 |     3 |     3 ||    62
       Searing Ray       |     2 |    28 |    42 ||    72
       Iskenderun's Myst |       |       |     1 ||     1
  Use: Potion            |     2 |       |     2 ||     4
       Scroll            |       |       |     3 ||     3
 Stab: Sleeping          |     3 |     1 |     3 ||     7
Armor: Robe              |    11 |       |       ||    11
       Leather armour    |       |    20 |    14 ||    34
Dodge: Dodged            |    28 |    36 |    41 ||   105

Table legend: (Time is in decaauts)
 A = Elapsed time spent in this place.
 B = Non-inter-level travel time spent in this place.
 C = Inter-level travel time spent in this place.
 D = Time resting spent in this place.
 E = Time spent auto-exploring this place.
 F = Levels seen in this place.
 G = Mean time per level.
                   A        B        C        D        E       F      G
               +--------+--------+--------+--------+--------+-----+--------+
         Total |   3647 |   3443 |    204 |      4 |      0 |   6 |  607.8 |
       Dungeon |   3066 |   2862 |    204 |      0 |      0 |   5 |  613.2 |
         Sewer |    581 |    581 |      0 |      4 |      0 |   1 |  581.0 |
               +--------+--------+--------+--------+--------+-----+--------+

Top non-repeatable levels by time:
     D:3: 731 daAuts
     D:2: 717 daAuts
     D:5: 582 daAuts
   Sewer: 581 daAuts
     D:4: 557 daAuts
     D:1: 478 daAuts
